Nobbs, chaotic male elven Wizard -------- ------ |<|>.o.---..%.| |^|-.`@N......| |^||.```|....[| |.||....|)....| |.|------.----| |%| |.)....| |%------......| |.............| |..-----......| ---- -------- Nobbs the Thaumaturge Experience level: 6 Strength: 9 Dexterity: 15 Constitution: 14 Intelligence: 20 Wisdom: 12 Charisma: 10 Health: 0(48) Energy: 27(77) Def: 1 Gold: 888 Moves: 3841 Dungeon seed: KHwA_0ME1ty8mtW5 Game ID: Nobbs_1509442583 Your Inventory: Coins $ - 888 gold pieces Amulets L - a cursed amulet of strangulation Weapons a - a blessed +1 quarterstaff (weapon in hands) Armor e - an uncursed +0 cloak of magic resistance (being worn) Comestibles j - 3 uncursed slime molds q - an uncursed partly eaten food ration v - 3 uncursed food rations Z - an uncursed pear Scrolls i - 2 uncursed scrolls of destroy armor k - a blessed scroll of light t - an uncursed scroll of confuse monster w - a cursed scroll of teleportation B - an uncursed scroll of enchant armor C - an uncursed scroll of magic mapping D - an uncursed scroll of remove curse W - a cursed scroll of earth X - an uncursed scroll of earth Spellbooks l - a blessed spellbook of force bolt m - a blessed spellbook of knock G - an uncursed spellbook of remove curse P - an uncursed spellbook of magic missile Potions f - an uncursed potion of healing g - a blessed potion of oil h - an uncursed potion of object detection r - an uncursed potion of gain energy s - an uncursed potion of water u - an uncursed potion of levitation x - an uncursed potion of enlightenment F - an uncursed potion of sickness H - a cursed potion of gain ability J - an uncursed potion of oil O - 2 uncursed potions of restore ability Q - a cursed potion of see invisible S - an uncursed potion of paralysis Rings c - an uncursed ring of warning (on left hand) d - an uncursed ring of free action (on right hand) E - an uncursed ring of searching U - a cursed -1 ring of gain constitution Wands b - a wand of make invisible (0:4) K - a wand of light (0:11) V - a wand of digging (0:4) Tools n - a magic marker (0:61) o - an uncursed wooden flute p - an uncursed magic whistle R - an uncursed magic lamp Spells and supernatural/magical abilities: Name Level Category Fail Memory a - force bolt 1 attack 0% 81% k - knock 1 matter 0% 81% m - magic missile 2 attack 0% 94% r - remove curse 3 clerical 63% 92% W - pray for help -- divine ? -- Your skills at the end: Fighting Skills Weapon Skills quarterstaff [Basic] Spellcasting Skills attack spells [Basic] enchantment spells [Basic] Final Attributes: You were piously aligned. You were sleep resistant. You were magic-protected. You were warned. You had infravision. You had free action. You are dead. Vanquished creatures: a dwarf lord a raven a gnome mummy a wood nymph 2 Uruk-hai 2 rock piercers 2 rock moles a pony a fog cloud a yellow light a shrieker 2 kobold mummies a ghoul a giant ant a little dog a floating eye a dwarf an orc zombie 5 dwarf zombies 2 iguanas 4 killer bees an acid blob 2 coyotes a large kobold a giant rat 2 cave spiders a gnome zombie a gecko a jackal a fox a kobold 2 goblins 2 sewer rats 10 grid bugs 3 bats a kobold zombie 5 newts 68 creatures vanquished. Voluntary challenges: You were an atheist. You used a wielded weapon 40 times, starting on turn 175. You read items or engraved 24 times, starting on turn 1816. You never genocided any monsters. You never polymorphed an object. You never changed form. You used no wishes. You never split a pudding. You wrote Elbereth's name 7 times, starting on turn 2090. You never violated your personal moral code. Dungeon overview: The Dungeons of Doom: levels 1 to 9 Level 1 a fountain a long staircase Level 2 a general store, a sink Level 3 a fountain stairs to The Gnomish Mines Level 4 a fountain Level 5 an altar to Ptah, some fountains Level 6 some fountains Level 7 many fountains Level 8 stairs to Sokoban Level 9 The Gnomish Mines: Level 4 stairs to The Dungeons of Doom Sokoban: Level 7 <- You were here stairs to The Dungeons of Doom History has recorded: On T:1 you entered the Dungeons of Doom to retrieve the Amulet of Yendor! On T:304 you reached level 2 of The Dungeons of Doom. On T:688 you reached level 3 of The Dungeons of Doom. On T:715 you reached level 4 of The Dungeons of Doom. On T:771 you reached level 1 of The Gnomish Mines. On T:1217 you advanced to experience level 2. On T:1302 you advanced to experience level 3. On T:1341 you reached level 5 of The Dungeons of Doom. On T:1679 you reached level 6 of The Dungeons of Doom. On T:2018 you advanced to experience level 4. On T:2036 you reached level 7 of The Dungeons of Doom. On T:2469 you advanced to experience level 5. On T:2595 you reached level 8 of The Dungeons of Doom. On T:3175 you reached level 9 of The Dungeons of Doom. On T:3265 you reached level 4 of Sokoban. On T:3587 you advanced to experience level 6. Score breakdown: Gold: 888 (10031 points) Experience: 6 levels (12456 points) Exploration: 9 levels ( 18.37%) (12247 points) Discoveries: 9 items ( 3.25%) ( 5407 points) Valuables value: (no points given unless you survive) Artifact value: 0 ( 0 points) Variety of kills: 37 monsters ( 9.71%) ( 9348 points) Turncount: 3841 turns ( -965 points) Survival: died (score multiplied by 80%) Total score: 38819 Latest messages: You feel more confident in your spell casting skills. You see here a killer bee corpse. You don't have that object. You see here a killer bee corpse. There are several objects here. You see here a dagger. The spell hits the golden naga hatchling. The golden naga hatchling bites! (2x) The Uruk-hai thrusts her crude short sword. The Uruk-hai hits! You write in the dust with your fingers. The golden naga hatchling bites! The Uruk-hai thrusts her crude short sword. The Uruk-hai hits! You die... Final status: Goodbye Nobbs the Wizard, killed by an Uruk-hai... You died in Sokoban on dungeon level 7 with 38819 points, and 888 pieces of gold, after 3841 moves. You were level 6 with a maximum of 48 hit points when you died.